 Dungeon Crawl Stone Soup version 0.21.1-1-g345015fe64 (webtiles) character file.

536 Gargoyl the Skirmisher (level 7, -5/59 HPs)
             Began as a Centaur Abyssal Knight on July 3, 2018.
             Was a Believer of Lugonu.
             Splashed by Ijyb's acid (6 damage)
             ... on level 4 of the Dungeon.
             The game lasted 00:06:02 (3545 turns).

Gargoyl the Skirmisher (Centaur Abyssal Knight)     Turns: 3545, Time: 00:06:03

Health: -5/59      AC:  6    Str: 15    XL:     7   Next: 4%
Magic:  9/10       EV:  2    Int: 11    God:    Lugonu [**....]
Gold:   168        SH:  0    Dex: 10    Spells: 6/6 levels left

rFire    . . .     SeeInvis .   a - +1 hand axe
rCold    . . .     Gourm    .   (no shield)
rNeg     . . .     Faith    .   j - +0 plate armour
rPois    .         Spirit   .   b - +1 hat
rElec    .         Reflect  .   (no cloak)
rCorr    +         Harm     .   (no gloves)
MR       .....                  (no barding)
Stlth    ..........             h - amulet of rage
HPRegen  0.19/turn              e - ring of resist corrosion
MPRegen  0.12/turn              (no ring)

@: lethally poisoned (-5 -> -7), corroded, berserk cooldown, slowed
A: large, hooves 3, deformed body, speed 2, tough skin 3
a: Depart the Abyss, Bend Space, Renounce Religion, Evoke Berserk Rage


You were on level 4 of the Dungeon.
You worshipped Lugonu.
Lugonu was pleased with you.
You were near starving.

You visited 1 branch of the dungeon, and saw 4 of its levels.
You visited the Abyss 1 time.

You collected 168 gold pieces.

Inventory:

Hand Weapons
 a - a +1 hand axe (weapon)
Armour
 b - a +1 hat (worn)
 j - a +0 plate armour (worn)
Jewellery
 e - a ring of resist corrosion (left hand)
 h - an amulet of rage (around neck)
Wands
 n - a wand of paralysis (5)
Scrolls
 d - 4 scrolls of identify
 r - a scroll of remove curse
Potions
 f - 2 potions of curing
 i - a potion of cancellation {unknown}
 k - 2 potions of heal wounds {unknown}
 l - 2 potions of haste
 p - a potion of degeneration {unknown}
 q - a potion of lignification {unknown}
Books
 o - a book of Misfortune

   Spells                             Type                      Level
   a - Confusing Touch                Hexes                        1
   b - Confuse                        Hexes                        3
   c - Gell's Gravitas                Translocation                3
   d - Petrify                        Transmutation/Earth          4
   e - Metabolic Englaciation         Hexes/Ice                    5
   f - Yara's Violent Unravelling     Hexes/Transmutation          5
Comestibles
 c - 7 rations


   Skills:
 + Level 4.2 Fighting
 + Level 4.0 Axes
 * Level 3.4 Armour
 + Level 0.6 Dodging
 * Level 4.0 Invocations
 + Level 0.5 Evocations


You had 6 spell levels left.
You didn't know any spells.

Dungeon Overview and Level Annotations

Branches:
Dungeon (4/15)
 Temple: D:4-7

Altars:

Annotations:
D:4 Ijyb


Innate Abilities, Weirdness & Mutations

You have hooves in place of feet.
Armour fits poorly on your strangely shaped body.
You cover ground very quickly.
You have extremely tough skin. (AC +3)


Message History

You feel yourself slow down.
You start resting.
You feel sick. x2
Ijyb the Twisted Goblin comes into view.
Ijyb is nearby!
You feel sick.
You see here a water moccasin corpse.
Ijyb screams, "I no like you!"
You feel sick.
Ijyb zaps a wand.
The bolt of acid hits you! You resist.
You are splashed with acid!
The acid burns!
You resist.
It is a wand of acid (8).
You see here a worker ant corpse.
Ijyb zaps a wand.
The bolt of acid hits you! You resist.
You are splashed with acid!
The acid burns!
You resist.
* * * LOW HITPOINT WARNING * * *
You feel sick.
There is a stone staircase leading up here.
Ijyb zaps a wand.
The bolt of acid hits you! You resist.
* * * LOW HITPOINT WARNING * * *
The acid corrodes you!
You are splashed with acid!
The acid burns!
You resist.
You die...

###.#>....#*....,,,*,****,,*
#.......#*,...,,,*,,,,,,,*
#.#.....#**######******,**
#.......# #...,,,,* *,*
#######.#####.#####.###,*
*.#.g.g..........,*
*,#†#.#..####.###**
*,#.#.#..####.# ***
*,....#.@.....# ,,*
*****##.####.######
*,***,,,**#.#**#.#
*,**,,,,,*#..,,..#
*,,,>,,,,*###**###
****,,,,,* **,,,** **,** *,*


You could see Ijyb.

Vanquished Creatures
  A water moccasin (D:4)
  The ghost of imnir the Chopper, an amateur HuBe of Trog (D:3)
  A scorpion (D:4)
  A crimson imp (D:3)
  An orc priest (D:4)
  A jelly (D:2)
  2 orc wizards (D:3)
  2 worker ants
  2 adders (D:2)
  2 worms (D:3)
  2 dart slugs
  A leopard gecko (D:1)
  9 orcs
  A giant cockroach (D:1)
  11 hobgoblins
  4 jackals (D:4)
  2 quokkas
  A ball python (D:2)
  4 bats
  6 frilled lizards
  9 goblins
  4 kobolds
  9 rats
77 creatures vanquished.

Notes
Turn   | Place    | Note
-------+----------+-------------------------------------------
     0 | Abyss:1  | Gargoyl the Centaur Abyssal Knight began the quest for the Orb.
     0 | Abyss:1  | Reached XP level 1. HP: 19/19 MP: 2/2
    34 | Abyss:1  | Noticed a wretched star
    39 | Abyss:1  | Noticed an apocalypse crab
    85 | Abyss:1  | Noticed a small abomination
   100 | Abyss:1  | Noticed an ice beast
   115 | Abyss:1  | Noticed a phantasmal warrior
   117 | Abyss:1  | Noticed a large abomination
   128 | Abyss:1  | Noticed a shadow
   135 | Abyss:2  | Found a corrupted altar of Lugonu.
   201 | Abyss:2  | Noticed a large abomination
   218 | Abyss:2  | Noticed a neqoxec
   222 | Abyss:2  | Noticed a quasit
   225 | Abyss:2  | Noticed a deep elf elementalist
   230 | D:1      | Escaped the Abyss
   493 | D:1      | Reached XP level 2. HP: 21/26 MP: 3/3
   514 | D:1      | Reached * piety under Lugonu
  1142 | D:2      | Reached XP level 3. HP: 29/33 MP: 4/4
  1717 | D:2      | Reached XP level 4. HP: 40/40 MP: 6/6
  2348 | D:3      | Reached ** piety under Lugonu
  2348 | D:3      | Reached XP level 5. HP: 36/46 MP: 7/7
  2423 | D:3      | Noticed imnir's ghost (amateur HuBe)
  2642 | D:4      | HP: 2/46 [poisoned by a scorpion]
  2648 | D:4      | HP: 2/46 [poisoned by a scorpion]
  3017 | D:3      | Killed imnir's ghost
  3017 | D:3      | Reached XP level 6. HP: 49/52 MP: 8/8
  3526 | D:4      | Noticed a water moccasin
  3532 | D:4      | Killed a water moccasin
  3532 | D:4      | Reached XP level 7. HP: 51/59 MP: 8/10
  3538 | D:4      | Noticed Ijyb
  3545 | D:4      | HP: 1/59 [Ijyb/wand of acid (7) (10)]
  3545 | D:4      | Splashed by Ijyb's acid

Skill      XL: |  1  2  3  4  5  6 |
---------------+-------------------+-----
Axes           | 2 3 4 |  4.0
Armour         | 2 3 |  3.4
Invocations    | 3 4 |  4.0
Fighting       | 4 |  4.2
Dodging        | |  0.6
Evocations     | |  0.5

Action                   |  1- 3 |  4- 6 |  7- 9 || total
-------------------------+-------+-------+-------++-------
Melee: Hand axe          |    86 |   154 |       ||   240
       Kick              |    16 |    31 |       ||    47
Invok: Depart the Abyss  |     1 |       |       ||     1
 Abil: Evoke Berserk Rag |       |     3 |       ||     3
  Use: Potion            |     1 |     2 |       ||     3
       Scroll            |     3 |     4 |       ||     7
  Eat: Chunk             |     1 |     7 |       ||     8
Armor: Chain mail        |    70 |    14 |       ||    84
       Leather armour    |     1 |       |       ||     1
       Plate armour      |       |   114 |       ||   114
Dodge: Dodged            |    29 |    13 |       ||    42
